 Dungeon Crawl Stone Soup version 0.21-a0-286-g6fcecc0 (webtiles) character file.

165 tidbits the Grave Robber (level 5, -1/38 HPs)
             Began as a Draconian Necromancer on Sept 25, 2017.
             Was a Follower of Cheibriados.
             Slain by a hippogriff (6 damage)
             ... on level 5 of the Dungeon.
             The game lasted 00:11:45 (1408 turns).

tidbits the Grave Robber (Draconian Necromancer)    Turns: 1408, Time: 00:11:46

Health: -1/38      AC:  5    Str: 12 (13) XL:     5   Next: 22%
Magic:  7/10       EV: 13    Int: 14 (17) God:    Cheibriados [*.....]
Gold:   52         SH:  0    Dex: 12 (14) Spells: 3/11 levels left

rFire    . . .     SeeInvis .   m - +0 spear (curse)
rCold    . . .     Gourm    .   (no shield)
rNeg     . . .     Faith    .   (armour unavailable)
rPois    +         Spirit   .   (helmet restricted)
rElec    .         Reflect  .   (no cloak)
rCorr    .         Harm     .   (no gloves)
MR       .....                  (no boots)
Stlth    ++........             (no amulet)
HPRegen  0.52/turn              V - +1 ring of evasion
MPRegen  0.12/turn              (no ring)

@: very slow
A: unfitting armour, poison resistance, regeneration 1, cold-blooded, MP-powered
wands, AC +5
a: Bend Time, Renounce Religion


You were on level 5 of the Dungeon.
You worshipped Cheibriados.
Cheibriados was aware of your devotion.
You were not hungry.

You visited 1 branch of the dungeon, and saw 5 of its levels.

You collected 82 gold pieces.
You spent 30 gold pieces at shops.

Inventory:

Hand Weapons
 c - a +0 club
 d - a +0 trident
 e - a +2 hunting sling of flaming
   (You took it off a goblin on level 2 of the Dungeon)
 i - a +0 flail
 m - a cursed +0 spear (weapon)
Missiles
 g - a stone (quivered)
 l - 45 arrows
Jewellery
 q - an uncursed ring of ice
   (You found it on level 5 of the Dungeon)
 V - a +1 ring of evasion (left hand)
   (You found it on level 2 of the Dungeon)
Scrolls
 o - a scroll of blinking {unknown}
 t - a scroll of remove curse {unknown}
Potions
 k - a potion of lignification {unknown}
 n - a potion of mutation {!q}
 s - a potion of degeneration
Books
 a - a book of Necromancy

   Spells                             Type                      Level
   a - Pain                           Necromancy                   1
   b - Animate Skeleton               Necromancy                   1
   c - Vampiric Draining              Necromancy                   3
   d - Regeneration                   Charms/Necromancy            3
   e - Animate Dead                   Necromancy                   4
   f - Control Undead                 Necromancy                   4
 p - a book of Flames
   (You found it on level 5 of the Dungeon)

   Spells                             Type                      Level
   a - Flame Tongue                   Conjuration/Fire             1
   b - Throw Flame                    Conjuration/Fire             2
   c - Conjure Flame                  Conjuration/Fire             3
   d - Inner Flame                    Hexes/Fire                   3
   e - Sticky Flame                   Conjuration/Fire             4
   f - Fireball                       Conjuration/Fire             5
Comestibles
 b - 3 bread rations
 f - 3 fruits
 h - 2 chunks of flesh
 j - a meat ration


   Skills:
 - Level 1.7 Dodging
 - Level 1.7 Stealth
 + Level 3.5 Spellcasting
 * Level 5.6 Necromancy


You had 3 spell levels left.
You knew the following spells:

 Your Spells              Type           Power        Failure   Level  Hunger
a - Pain                  Necr           ###.         1%          1    #......
n - Animate Skeleton      Necr           N/A          1%          1    #......
r - Regeneration          Chrm/Necr      ##........   19%         3    ###....
v - Vampiric Draining     Necr           ###.......   6%          3    ###....


Dungeon Overview and Level Annotations

Branches:
Dungeon (5/15)
 Temple: D:4-7

Altars:
Cheibriados
Elyvilon
Gozag
Zin

Shops:
D:4 ?%


Innate Abilities, Weirdness & Mutations

Your plain brown scales are hard. (AC +5)
You cannot fit into any form of body armour.
You are cold-blooded and may be slowed by cold attacks.
Your system is resistant to poisons. (rPois)
Your natural rate of healing is unusually fast.
You expend magic power (3 MP) to strengthen your wands.


Message History

Cheibriados appreciates the change of pace.
The crimson imp misses you. The crimson imp misses you.
Things that are here:
6 gold pieces; a jackal corpse x2
You now have 52 gold pieces (gained 6).
The crimson imp barely misses you.
The crimson imp hits you but does no damage.
The crimson imp hits you.
The crimson imp shouts, "Slither home, thou bumbling unchin-snouted death-token!"
Found a bread ration.
The crimson imp barely misses you.
The crimson imp blinks!
The crimson imp hits you but does no damage.
Found 2 metallic emerald potions and a scroll labeled MOATEO BUDIA.
The crimson imp closely misses you.
You see here a bread ration.
b - 3 bread rations (gained 1)
The crimson imp closely misses you.
An adder skeleton comes into view.
The crimson imp blinks!
The crimson imp blinks!
The crimson imp spits at you. The crimson imp misses you.
The crimson imp hits you.
You see here 2 metallic emerald potions.
s - 2 metallic emerald potions The crimson imp blinks!
The crimson imp shouts, "Leave, thou cockered beetle-headed flax-wench!"
You barely miss the adder skeleton. The adder skeleton misses you.
You hit the adder skeleton. You tail-slap the adder skeleton.
The adder skeleton is severely damaged.
The adder skeleton misses you.
The adder skeleton bites you but does no damage.
The adder skeleton bites you but does no damage.
The crimson imp hits you but does no damage.
You hit the adder skeleton.
You destroy the adder skeleton!
Cheibriados thoroughly appreciates the change of pace.
The crimson imp hits you but does no damage.
Casting: Pain
Confirm with . or Enter, or press ? or * to list all spells.
Aiming: Pain
Press: ? - help, Shift-Dir - straight line, f - orc
Aim: an orc (hasn't noticed you, chance to defeat MR: 91%)
The orc writhes in agony!
The crimson imp blinks!
Attack whom?
Press: ? - help, Dir - move target cursor, f/p - orc
Aim: an orc (heavily wounded)
You reach to attack!
You hit the orc.
You kill the orc!
Cheibriados thoroughly appreciates the change of pace.
A hippogriff comes into view.
The crimson imp hits you.
The crimson imp hits you but does no damage.
You closely miss the crimson imp.
The crimson imp summons a swarm of flies.
The crimson imp hits you.
You hit the crimson imp but do no damage.
Your tail-slap misses the crimson imp.
The crimson imp shouts, "Get thee hence, thou feeble moon-mazed bootlicker!"
The crimson imp hits you.
The crimson imp hits you but does no damage.
The crimson imp hits you. x2
The hippogriff screeches!
You see here a scroll labeled MOATEO BUDIA.
t - a scroll labeled MOATEO BUDIA The hippogriff closely misses you.
The hippogriff pecks you. The hippogriff claws you. The crimson imp misses you.
It was a potion of degeneration.
There was something very wrong with that liquid.
You feel weakened.
You feel dopey.
You feel clumsy. The hippogriff bites you!
* * * LOW HITPOINT WARNING * * *
The hippogriff closely misses you.
The hippogriff claws you but does no damage.
The crimson imp barely misses you.
The crimson imp hits you but does no damage.
The hippogriff bites you.
* * * LOW HITPOINT WARNING * * *
The hippogriff pecks you.
* * * LOW HITPOINT WARNING * * *
The hippogriff claws you.
* * * LOW HITPOINT WARNING * * *
It was a potion of curing.
You feel better. The crimson imp misses you. The hippogriff bites you.
* * * LOW HITPOINT WARNING * * *
The hippogriff pecks you.
* * * LOW HITPOINT WARNING * * *
The hippogriff claws you.
* * * LOW HITPOINT WARNING * * *
Casting: Pain
Confirm with . or Enter, or press ? or * to list all spells.
Aiming: Vampiric Draining
Press: ? - help, Shift-Dir - straight line, f - hippogriff
Aim: a hippogriff The hippogriff is moderately wounded.
You feel life coursing into your body. The crimson imp hits you.
* * * LOW HITPOINT WARNING * * *
The hippogriff bites you.
You die...

#..#.H ####### #..#..
##...... ... ..
........ #.. .###
#....5. ###.. †.#
#####.. #.... #.# #.# #
#..####.# #.#
#.#..H5...# #.#
#.....@..############.#
#........#.......†....#
#........#.############
#........#.#
#........#.###
#.#+#........# #.
#........# # #........#
#........#


You could see a hippogriff and a crimson imp.

Vanquished Creatures
  An orc priest (D:4)
  An iguana (D:4)
  An orc wizard (D:4)
  2 adders (D:3)
  An ooze (D:3)
  An adder skeleton (D:5)
  2 worms
  2 leopard geckos
  6 orcs
  A ball python (D:1)
  2 giant cockroaches
  4 goblins
  6 hobgoblins
  6 jackals
  4 quokkas
  A ball python skeleton (D:4)
  A bat (D:3)
  A frilled lizard (D:2)
  4 kobolds
47 creatures vanquished.

Vanquished Creatures (others)
  15 toadstools (D:4)
15 creatures vanquished.

Grand Total: 62 creatures vanquished

Notes
Turn   | Place    | Note
-------+----------+-------------------------------------------
     0 | D:1      | tidbits the Draconian Necromancer began the quest for the Orb.
     0 | D:1      | Reached XP level 1. HP: 14/14 MP: 3/3
   244 | D:1      | Reached XP level 2. HP: 20/20 MP: 3/5
   279 | D:1      | Learned a level 1 spell: Animate Skeleton
   369 | D:2      | Found a snail-covered altar of Cheibriados.
   373 | D:2      | Became a worshipper of Cheibriados the Contemplative
   400 | D:2      | Found a white marble altar of Elyvilon.
   656 | D:3      | Reached XP level 3. HP: 25/26 MP: 5/7
   727 | D:4      | Learned a level 3 spell: Vampiric Draining
   779 | D:4      | Found an opulent altar of Gozag.
   779 | D:4      | Found a glowing silver altar of Zin.
   779 | D:4      | HP: 1/26 [iguana (8)]
   783 | D:4      | Reached skill level 3 in Spellcasting
   783 | D:4      | Reached skill level 5 in Necromancy
   783 | D:4      | Reached XP level 4. HP: 1/33 MP: 0/8
   805 | D:4      | Learned a level 3 spell: Regeneration
   837 | D:4      | Reached * piety under Cheibriados
   852 | D:4      | Found Jinenise's Food Shoppe.
   913 | D:4      | Gained mutation: Your spells are a little harder to cast, but a little more powerful. [potion of mutation]
   913 | D:4      | Gained mutation: You can translocate small distances at will. [potion of mutation]
   914 | D:4      | Lost mutation: You can translocate small distances at will. [potion of mutation]
   914 | D:4      | Gained mutation: Your natural rate of healing is unusually fast. [potion of mutation]
   914 | D:4      | Gained mutation: You expend magic power (3 MP) to strengthen your wands. [potion of mutation]
   914 | D:4      | Lost mutation: Your spells are a little harder to cast, but a little more powerful. [potion of mutation]
   914 | D:4      | Gained mutation: Your system is resistant to poisons. (rPois) [potion of mutation]
   977 | D:4      | Reached XP level 5. HP: 34/38 MP: 0/10
  1031 | D:4      | Found Zutef's Magic Scroll Shoppe.
  1031 | D:4      | Noticed a phantom
  1090 | D:4      | HP: 2/38 [phantom (9)]
  1110 | D:4      | Bought a scroll of teleportation for 30 gold pieces
  1196 | D:5      | Entered Level 5 of the Dungeon
  1398 | D:5      | Noticed a hippogriff
  1407 | D:5      | HP: 1/38 [hippogriff (5)]
  1408 | D:5      | Slain by a hippogriff

Vault maps used:
D:1:      dpeg_arrival_round_c
D:2:      lemuel_doored_altar, okawaru_gym_becter, lemuel_round_altar,
          cheibriados_altar_1
D:3:      minmay_roachtagon, minmay_misc_feat_square
D:4:      grunt_temple_overflow_gold_and_silver, grunt_dithmenos_smoke,
          tgw_fedhas, first_bread, serial_shops, shop,
          nicolae_shop_temple_entry_statues_fountains,
          nicolae_shop_window_shopping, nicolae_shop_waterfront
D:5:      old_standard_altar, nicolae_overflow_hidden_temple

Skill      XL: |  1  2  3 |
---------------+----------+-----
Spellcasting   | 3 |  3.5
Necromancy     | 5 |  5.6
Dodging        | |  1.7
Stealth        | |  1.7

Action                   |  1- 3 |  4- 6 || total
-------------------------+-------+-------++-------
Melee: Spear             |       |    77 ||    77
       Tailslap          |       |     9 ||     9
 Fire: Hunting sling     |    35 |     8 ||    43
 Cast: Pain              |    35 |    23 ||    58
       Animate Skeleton  |     2 |     2 ||     4
       Vampiric Draining |     2 |     2 ||     4
       Regeneration      |       |     2 ||     2
Invok: Bend Time         |       |     2 ||     2
  Use: Scroll            |       |     6 ||     6
       Potion            |       |     5 ||     5
  Eat: Chunk             |     1 |     2 ||     3
Armor: Skin              |     2 |    41 ||    43
Dodge: Dodged            |    15 |    79 ||    94

Table legend:
 A = Spawn XP
 B = Non-spawn XP
 C = Spawn XP percentage of total XP
 D = Spawn monster count
 E = Non-spawn monster count
 F = Spawn count percentage of total count
 G = Total turns spent on level
                    A         B        C        D         E        F      G
               +---------+---------+-------+---------+---------+-------+---------
         Total |       0 |     237 |   0.0 |       0 |      47 |   0.0 |  1408
               +---------+---------+-------+---------+---------+-------+---------
           D:1 |       0 |      21 |   0.0 |       0 |      11 |   0.0 |   392
           D:2 |       0 |      11 |   0.0 |       0 |       5 |   0.0 |   202
           D:3 |       0 |      42 |   0.0 |       0 |       9 |   0.0 |   117
           D:4 |       0 |     145 |   0.0 |       0 |      15 |   0.0 |   485
           D:5 |       0 |      18 |   0.0 |       0 |       7 |   0.0 |   212
               +---------+---------+-------+---------+---------+-------+---------

Table legend:
 A = Turns spent in this place as a percentage of turns spent in the entire game.
 B = Non-inter-level travel turns spent in this place as a percentage of non-inter-level travel turns spent in the entire game.
 C = Inter-level travel turns spent in this place as a percentage of turns spent in this place.
 D = Turns resting spent in this place as a percentage of non-inter-level travel turns spent in this place.
 E = Turns spent auto-exploring this place as a percentage of non-inter-level travel turns spent in this place.
 F = Non-inter-level travel turns spent in this place divided by the number of levels of this place that you've seen.
                   A       B       C       D       E      F
               +-------+-------+-------+-------+-------+----------------------
         Total | 100.0 | 100.0 |   0.0 |   0.0 |   0.0 | 281.6
       Dungeon | 100.0 | 100.0 |   0.0 |   0.0 |   0.0 | 281.6
               +-------+-------+-------+-------+-------+----------------------

Table legend:
 A = Kills in this place as a percentage of kills in entire the game.
 B = Kills by you in this place as a percentage of kills by you in the entire game.
 C = Kills by friends in this place as a percentage of kills by friends in the entire game.
 D = Other kills in this place as a percentage of other kills in the entire game.
 E = Experience gained in this place as a percentage of experience gained in the entire game.
 F = Experience gained in this place divided by the number of levels of this place that you have seen.
                   A       B       C       D       E      F
               +-------+-------+-------+-------+-------+----------------------
         Total | 100.0 | 100.0 |   N/A |   N/A | 100.0 |  47.4
       Dungeon | 100.0 | 100.0 |   N/A |   N/A | 100.0 |  47.4
               +-------+-------+-------+-------+-------+----------------------

Vault maps used:
D:1:      dpeg_arrival_round_c
D:2:      lemuel_doored_altar, okawaru_gym_becter, lemuel_round_altar,
          cheibriados_altar_1
D:3:      minmay_roachtagon, minmay_misc_feat_square
D:4:      grunt_temple_overflow_gold_and_silver, grunt_dithmenos_smoke,
          tgw_fedhas, first_bread, serial_shops, shop,
          nicolae_shop_temple_entry_statues_fountains,
          nicolae_shop_window_shopping, nicolae_shop_waterfront
D:5:      old_standard_altar, nicolae_overflow_hidden_temple
